AoeStats
← zamithdaniel

Arena

507334206Analyzed
4v4 RM · 15d ago on Sep 17, 2026· 42m 16s· 8 players
Game mode
Random Map
Map size
Large (8 player)
Population
200
Speed
Normal
Resources
Standard
Victory
Conquest
Starting age
Dark Age
Ending age
Imperial Age
RankedLock teamsTeams togetherTeam positionsShared explorationLock speedFull tech treeHidden civsTurbo modeCheats
Victory
Defeat
🇭🇰 Khmer · Hong Kong SAR China
1038
+17
🇩🇪 Japanese · Germany
1020
+17
🇬🇧 Persians · United Kingdom
994
+19
🇨🇴 Celts · Colombia
977
+19
🇹🇷 Britons · Türkiye
1086
-19
🇹🇷 Burgundians · Türkiye
1076
-20
🇨🇳 Tatars · China
1058
-18
🇹🇷 Persians · Türkiye
984
-15
zamithdaniel
10:44 Feudal Age
11:12 Double-Bit Axe
11:10 Horse Collar
18:37 Castle Age
16:43 Stone Mining
17:28 Gold Mining
21:50 Scale Mail Armor
22:01 Forging
24:14 Iron Casting
23:56 Chain Mail Armor
36:08 Imperial Age
34:14 Bow Saw
34:44 Gold Shaft Mining
34:46 Stone Shaft Mining
35:53 Heavy Plow
39:24 Wheelbarrow
38:34 Town Watch
38:35 Loom
40:03 Elite Woad Raider
42:21 Blast Furnace
41:53 Plate Mail Armor
leonardodavinx
11:07 Feudal Age
15:45 Castle Age
14:09 Double-Bit Axe
14:45 Gold Mining
22:11 Scale Mail Armor
22:22 Forging
22:17 Squires
25:30 Arson
27:07 Bow Saw
27:36 Gold Shaft Mining
27:58 Horse Collar
32:02 Wheelbarrow
32:41 Heavy Plow
36:20 Imperial Age
34:46 Fortified Wall
34:17 Treadmill Crane
35:26 Chain Mail Armor
35:47 Iron Casting
36:10 Fletching
38:11 Two-Man Saw
37:56 Conscription
37:17 Elite Samurai
37:45 Capped Ram
39:22 Kataparuto
40:58 Hand Cart
DZZZ
0:34 Loom
10:41 Feudal Age
11:12 Double-Bit Axe
15:59 Castle Age
14:30 Horse Collar
16:50 Bow Saw
20:21 Wheelbarrow
22:25 Fervor
24:49 Gold Mining
25:02 Stone Mining
28:41 Imperial Age
26:38 Heavy Plow
27:52 Hand Cart
27:25 Town Watch
28:24 Gold Shaft Mining
28:50 Bloodlines
28:40 Husbandry
29:14 Scale Barding Armor
29:21 Forging
30:16 Chain Barding Armor
30:03 Devotion
30:00 Light Cavalry
31:18 Conscription
31:04 Tusk Swords
32:03 Stone Shaft Mining
31:40 Hussar
33:35 Iron Casting
35:20 Chemistry
34:41 Ballistics
34:18 Murder Holes
34:34 Masonry
34:36 Fortified Wall
35:03 Plate Barding Armor
35:29 Blast Furnace
34:20 Fletching
34:37 Caravan
35:25 Elite Battle Elephant
37:21 Hoardings
39:05 Double Crossbow
38:31 Heavy Scorpion
41:16 Town Patrol
42:13 Bodkin Arrow
Asturon
6:54 Loom
9:02 Feudal Age
9:29 Double-Bit Axe
9:28 Horse Collar
18:09 Castle Age
17:51 Gold Mining
20:10 Bow Saw
20:06 Heavy Plow
22:51 Wheelbarrow
22:33 Stone Mining
24:33 Hand Cart
29:31 Imperial Age
28:35 Bloodlines
28:54 Husbandry
29:10 Forging
29:05 Scale Barding Armor
29:00 Town Watch
30:09 Gold Shaft Mining
30:38 Iron Casting
30:41 Conscription
31:43 Two-Man Saw
31:16 Crop Rotation
31:22 Cavalier
33:38 Blast Furnace
34:52 Chain Barding Armor
38:02 Savar
43:10 Plate Barding Armor
ImJoker
12:43 Feudal Age
16:17 Castle Age
14:23 Double-Bit Axe
18:00 Bow Saw
17:32 Horse Collar
29:24 Wheelbarrow
30:15 Hand Cart
32:30 Town Watch
32:40 Town Watch
33:37 Pikeman
35:42 Scale Mail Armor
36:33 Squires
38:34 Forging
39:02 Chain Mail Armor
Kori
10:33 Feudal Age
11:51 Double-Bit Axe
14:54 Castle Age
13:29 Horse Collar
16:00 Bow Saw
15:50 Heavy Plow
20:35 Loom
23:33 Wheelbarrow
23:08 Town Watch
27:43 Hand Cart
32:54 Imperial Age
31:16 Gold Mining
31:21 Stone Mining
31:56 Town Patrol
31:48 Fletching
32:45 Bodkin Arrow
32:50 Padded Archer Armor
33:34 Yeomen
34:36 Conscription
34:43 Siege Engineers
35:45 Chemistry
34:28 Treadmill Crane
35:13 Ballistics
35:33 Bracer
37:05 Fortified Wall
37:27 Elite Longbowman
38:42 Leather Archer Armor
medikinette
10:25 Feudal Age
15:30 Castle Age
13:38 Double-Bit Axe
21:48 Loom
21:49 Town Watch
27:48 Imperial Age
26:01 Scale Barding Armor
26:06 Forging
26:12 Husbandry
25:33 Cavalier
26:23 Town Patrol
26:08 Horse Collar
28:26 Chain Barding Armor
29:35 Iron Casting
29:42 Wheelbarrow
29:32 Heavy Plow
31:55 Squires
31:15 Pikeman
32:40 Plate Barding Armor
33:06 Blast Furnace
33:35 Hand Cart
34:01 Scale Mail Armor
35:03 Crop Rotation
34:17 Halberdier
34:22 Light Cavalry
36:24 Chain Mail Armor
36:41 Murder Holes
37:22 Burgundian Vineyards
37:31 Paladin
40:12 Plate Mail Armor
wuuua
11:49 Feudal Age
12:50 Double-Bit Axe
15:23 Castle Age
13:16 Horse Collar
16:34 Bow Saw
20:30 Wheelbarrow
20:25 Heavy Plow
22:48 Gold Mining
22:49 Stone Mining
24:03 Loom
26:32 Gold Shaft Mining
26:25 Town Watch
26:59 Hand Cart
27:30 Scale Barding Armor
27:35 Forging
29:12 Forging
32:10 Imperial Age
30:36 Iron Casting
30:23 Chain Barding Armor
29:50 Treadmill Crane
34:09 Plate Barding Armor
34:34 Blast Furnace
33:16 Elite Keshik
34:17 Conscription
34:01 Silk Armor
34:12 Timurid Siegecraft
36:25 Timurid Siegecraft
36:45 Silk Armor
37:03 Fletching
37:54 Siege Engineers
38:02 Fortified Wall
37:48 Murder Holes
38:54 Chemistry
38:15 Ballistics
38:07 Masonry
Connection lost

Rejoining the realm…

Still unreachable

The connection could not be restored.

Session expired

The server has moved on; the page needs a fresh start.